 Dungeon Crawl Stone Soup version 0.26-a0-64-g059e62fbdb (webtiles) character file.

Game seed: 8536841466954968148

154 MisterFreud the Slasher (level 5, -1/37 HPs)
             Began as an Octopode Gladiator on June 10, 2020.
             Slain by Grinder (5 damage)
             ... while paralysed by Grinder
             ... on level 3 of the Dungeon.
             The game lasted 00:03:13 (4148 turns).

MisterFreud the Slasher (Octopode Gladiator)        Turns: 4148, Time: 00:03:14

Health: -1/37      AC:  1    Str: 13    XL:     5   Next: 35%
Magic:  5/5        EV:  2    Int: 11    God:
Gold:   133        SH:  0    Dex: 14    Spells: 4/4 levels left

rFire    . . .     SeeInvis .   a - +0 long sword
rCold    . . .     Gourm    .   (no shield)
rNeg     . . .     Faith    .   b - +0 hat
rPois    .         Spirit   .   (no amulet)
rElec    .         Reflect  .   (no ring)
rCorr    .         Harm     .   (no ring)
MR       .....                  (no ring)
Stlth    ++........             (no ring)
HPRegen  0.12/turn              (no ring)
MPRegen  0.09/turn              (no ring)
                                (no ring)
                                (no ring)

@: paralysed
A: almost no armour, stealthy swim, amphibious, 8 rings, constrict 8, camouflage
1, gelatinous body 1
a: no special abilities


You were on level 3 of the Dungeon.
You were not hungry.

You visited 1 branch of the dungeon, and saw 3 of its levels.
You also visited: Sewer.

You collected 133 gold pieces.

Inventory:

Hand Weapons
 a - a +0 long sword (weapon)
Missiles
 c - 3 throwing nets (quivered)
Armour
 b - a +0 hat (worn)
Jewellery
 q - an uncursed amulet of reflection {unknown}
Scrolls
 j - 2 scrolls of identify {unknown}
 k - 2 scrolls of noise {unknown}
 l - 2 scrolls of fear {unknown}
 o - 3 scrolls of blinking {unknown}
 p - a scroll of amnesia {unknown}
 s - a scroll of teleportation {unknown}
 t - a scroll of enchant weapon {unknown}
 u - a scroll of random uselessness {unknown}
Potions
 e - 2 potions of might {unknown}
 f - 2 potions of heal wounds {unknown}
 g - 2 potions of flight {unknown}
 h - a potion of berserk rage {unknown}
 i - 2 potions of brilliance {unknown}
 m - 3 potions of curing {unknown}
 r - a potion of magic {unknown}
Comestibles
 d - 8 rations
 n - a chunk of flesh


   Skills:
 - Level 4.0 Fighting
 + Level 4.7 Long Blades
 - Level 2.0 Throwing
 - Level 3.0 Dodging


You had 4 spell levels left.
You didn't know any spells.
Your spell library was empty.

Dungeon Overview and Level Annotations

Branches:
Dungeon (3/15)              Sewer (visited)

Altars:
Makhleb

Annotations:
D:3 Grinder


Innate Abilities, Weirdness & Mutations

You cannot wear most types of armour.
You are very stealthy in the water. (Stealth+)
You are amphibious.
You can wear up to eight rings at the same time.
You can use your tentacles to constrict eight enemies at once.
Your skin changes colour to match your surroundings (Stealth+).
Your rubbery body absorbs attacks. (AC +1, EV +1)


Message History

Grinder closely misses you.
You hit Grinder but do no damage. You squeeze Grinder.
Grinder is lightly wounded.
You constrict Grinder. Grinder gestures at you.
You suddenly lose the ability to move!
You lose your grip on Grinder.
Grinder says, "Tell me all your secrets, or I'll kill you."
Grinder hits you!
* * * LOW HITPOINT WARNING * * *
Grinder hits you.
* * * LOW HITPOINT WARNING * * *
You writhe in agony.
* * * LOW HITPOINT WARNING * * *
Grinder says, "FISH!"
Grinder gestures at you.
You barely resist. Grinder hits you.
* * * LOW HITPOINT WARNING * * *
You writhe in agony.
You die...

# ###
########.###########*************
...................#,,,,,,,,,,,,,
##################.#,########****
.............#<..#.#,#......# *
############.###.#.#,#.#..#.# *
#.#.5@..#,#.#..#.# *
#.#.#.....#.#..#.# * #########
#.#,#######.#..#.# * ##.......#
#.#.#.....#.#<.#.# * ##.......#
#.#.#.###......#.# * ##.......#
#.#.#...#...#..#.# * ##.......#
#.#.#.......#..#.# * ##.......#
#.#.#.####..#..#.### * ##.......#
#.#.#.......#..#...# *


You could see Grinder.

Vanquished Creatures
  A gnoll (D:1)
  3 adders
  An ooze (D:2)
  2 dart slugs
  9 leopard geckos
  An orc (D:3)
  3 bats
  6 giant cockroaches
  5 goblins
  9 hobgoblins
  17 jackals
  14 kobolds
  2 quokkas (D:2)
  2 ball pythons
  7 frilled lizards
  8 rats
90 creatures vanquished.

Notes
Turn   | Place    | Note
-------+----------+-------------------------------------------
     0 | D:1      | MisterFreud the Octopode Gladiator began the quest for the
                  | Orb.
     0 | D:1      | Reached XP level 1. HP: 14/14 MP: 1/1
    67 | D:1      | Reached XP level 2. HP: 15/20 MP: 2/2
   759 | D:1      | Reached XP level 3. HP: 26/26 MP: 3/3
  1737 | D:2      | Reached XP level 4. HP: 33/33 MP: 4/4
  2566 | D:3      | Found a glowing drain.
  2579 | Sewer    | Entered a sewer
  2738 | Sewer    | Reached XP level 5. HP: 22/37 MP: 5/5
  3576 | D:3      | Found a burning altar of Makhleb.
  4138 | D:3      | Noticed Grinder
  4140 | D:3      | Paralysed by Grinder for 3 turns
  4144 | D:3      | Paralysed by Grinder for 7 turns
  4148 | D:3      | Slain by Grinder

Illustrated notes

Levels and vault maps discovered:
D:1:      matt_arrival_spirals, layout_basic, minmay_split_cup_small
D:2:      layout_basic
D:3:      layout_basic, lemuel_round_altar, gup_sewer_entry_pipe, first_ration,
          grunt_decor_resistance, minmay_misc_feat_square, uniq_grinder

Skill      XL: |  1  2  3  4 |
---------------+-------------+-----
Fighting       | 3 4 |  4.0
Long Blades    | 4 |  4.7
Throwing       | |  2.0
Dodging        | |  3.0

Action                   |  1- 3 |  4- 6 || total
-------------------------+-------+-------++-------
Melee: Long sword        |    58 |    82 ||   140
       Constrict         |    16 |    29 ||    45
       Tentacles         |     9 |    23 ||    32
  Use: Scroll            |       |     1 ||     1
 Stab: Sleeping          |     6 |    13 ||    19
  Eat: Chunk             |     3 |     7 ||    10
Armor: Skin              |     9 |     8 ||    17
Dodge: Dodged            |    45 |    52 ||    97
       Rpst.: Long sword |    10 |    24 ||    34

Table legend:
 A = Non-vault XP
 B = Vault XP
 C = Vault XP percentage of total XP
 D = Non-vault monster count
 E = Vault monster count
 F = Vault count percentage of total count
                 A         B        C        D         E       F
            +---------+---------+-------+---------+---------+-------
      Total |     131 |      89 |  40.5 |      55 |      35 |  38.9
            +---------+---------+-------+---------+---------+-------
        D:1 |      59 |       4 |   6.3 |      26 |       3 |  10.3
        D:2 |      52 |       0 |   0.0 |      17 |       0 |   0.0
        D:3 |      20 |      25 |  55.6 |      12 |       9 |  42.9
      Sewer |       0 |      60 | 100.0 |       0 |      23 | 100.0
            +---------+---------+-------+---------+---------+-------
